[Event "Titled Tuesday Blitz December 13 Early 2022"]
[White "Kulkarni, Vikramaditya"]
[Black "Winkels, Marcel"]
[WhiteFideId "5009847"]
[BlackFideId "1003887"]
[WhiteElo "2273"]
[BlackElo "1900"]
[Result "0-1"]
[Round "11"]
[TimeControl "180+1"]
[Date "2022.12.14"]
[WhiteClock "0:00:32"]
[BlackClock "0:00:23"]

1. c4 Nf6 2. Nc3 c5 3. Nf3 d5 4. cxd5 Nxd5 5. e4 Nxc3 6. dxc3 Qxd1+ 7. Kxd1 Bg4 8. Be2 Nd7 9. Kc2 O-O-O 10. Re1 h6 11. Be3 e6 12. Rad1 Be7 13. Rxd7 Rxd7 14. Ne5 Bxe2 15. Rxe2 Rc7 16. Nxf7 Rf8 17. Ne5 b5 18. a4 a6 19. Re1 Bd6 20. f4 Bxe5 21. fxe5 c4 22. Ra1 Kb7 23. axb5 axb5 24. Ra7+ Kc6 25. Ra6+ Kd7 26. Rd6+ Ke7 27. Rb6 Rd8 28. Rxb5 Rd3 29. Bc5+ Kf7 30. Bd6 Rc8 31. Rb7+ Kg6 32. Re7 Re3 33. Rxe6+ Kh7 34. Kd2 Rxe4 35. g3 Rc6 36. h3 Rb6 37. Re8 Rxd6+ 38. exd6 Rxe8 0-1


[Site "https://www.chess.com"]

[Event "Titled Tuesday Blitz December 13 Early 2022"]
[White "Kuzmin, Roman"]
[Black "Averjanov, Alexey"]
[WhiteFideId "44134932"]
[BlackFideId "14109867"]
[WhiteElo "2180"]
[BlackElo "2631"]
[Result "0-1"]
[Round "11"]
[TimeControl "180+1"]
[Date "2022.12.14"]
[WhiteClock "0:00:26"]
[BlackClock "0:01:16"]

1. e4 c6 2. d4 d5 3. Nc3 dxe4 4. Nxe4 Bf5 5. Ng3 Bg6 6. h4 h6 7. Nf3 Nd7 8. h5 Bh7 9. Bd3 Bxd3 10. Qxd3 e6 11. Bd2 Ngf6 12. O-O-O Be7 13. Ne4 Nxe4 14. Qxe4 Nf6 15. Qe2 Qd5 16. c4 Qe4 17. Qxe4 Nxe4 18. Be3 O-O 19. Ne5 Rad8 20. Kc2 Nf6 21. f3 Nd7 22. Nd3 Bf6 23. b3 e5 24. d5 cxd5 25. cxd5 Nb8 26. Nf2 b6 27. Ng4 Rd6 28. f4 Rc8+ 29. Kb1 e4 30. Nxf6+ Rxf6 31. Rc1 Rd8 32. Rhd1 Rfd6 33. Rc7 Nd7 34. Rxa7 Nf6 35. Kb2 Nxd5 36. Bc1 e3 37. Ra6 e2 38. Re1 Nb4 39. Rxe2 Nxa6 0-1


[Site "https://www.chess.com"]

[Event "Titled Tuesday Blitz December 13 Early 2022"]
[White "La Villa Rivas, Marlon Javier"]
[Black "Osiecki, Stanislaw"]
[WhiteFideId "3519546"]
[BlackFideId "1102990"]
[WhiteElo "2135"]
[BlackElo "2088"]
[Result "1-0"]
[Round "11"]
[TimeControl "180+1"]
[Date "2022.12.14"]
[WhiteClock "0:01:53"]
[BlackClock "0:01:07"]

1. e4 e6 2. d4 d5 3. Nd2 c5 4. Ngf3 cxd4 5. exd5 exd5 6. Nb3 Nc6 7. Bb5 Bd6 8. O-O Ne7 9. Nbxd4 O-O 10. c3 Bg4 11. h3 Bh5 12. Be2 Nxd4 13. Nxd4 Bxe2 14. Qxe2 Re8 15. Be3 Nc6 16. Qd2 Ne5 17. b3 Rc8 18. Rfd1 Bb8 19. Rac1 Qd7 20. Ne2 Red8 21. Nf4 Nc6 22. Qxd5 Qc7 23. Qc4 g5 24. Nd5 Qh2+ 25. Kf1 Qh1+ 26. Ke2 Qxg2 27. Rg1 Qxh3 28. Rxg5+ Kh8 29. Bd4+ Nxd4+ 30. Qxd4+ 1-0


[Site "https://www.chess.com"]

[Event "Titled Tuesday Blitz December 13 Early 2022"]
[White "Larina, Maria"]
[Black "Lauridsen, Jesper Morch"]
[WhiteFideId "24113182"]
[BlackFideId "1401890"]
[WhiteElo "1848"]
[BlackElo "2281"]
[Result "0-1"]
[Round "11"]
[TimeControl "180+1"]
[Date "2022.12.14"]
[WhiteClock "0:00:49"]
[BlackClock "0:01:07"]

1. e4 c5 2. Nc3 e6 3. Nf3 Nc6 4. g3 d5 5. exd5 exd5 6. Bb5 Bg4 7. O-O Be7 8. d4 cxd4 9. Qxd4 Bxf3 10. Qxg7 Bf6 11. Re1+ Kd7 12. Qxf7+ Kc8 13. Re8 Bg4 14. Rxd8+ Nxd8 15. Nxd5 Nxf7 16. Nxf6 Nxf6 17. Bf4 Nd5 18. Bd2 Ne5 19. c4 Nf3+ 20. Kg2 Nxd2 0-1


[Site "https://www.chess.com"]

[Event "Titled Tuesday Blitz December 13 Early 2022"]
[White "Lazavik, Denis"]
[Black "Babazada, Khazar"]
[WhiteFideId "13515110"]
[BlackFideId "13413554"]
[WhiteElo "2484"]
[BlackElo "2359"]
[Result "1-0"]
[Round "11"]
[TimeControl "180+1"]
[Date "2022.12.13"]
[WhiteClock "0:00:06"]
[BlackClock "0:00:02"]

1. d4 Nf6 2. c4 g6 3. g3 Bg7 4. Bg2 d6 5. Nc3 O-O 6. Nf3 Nbd7 7. O-O e5 8. e4 exd4 9. Nxd4 a6 10. h3 Re8 11. Be3 Rb8 12. a4 Nc5 13. Qc2 Qe7 14. Rfe1 c6 15. Rad1 Bd7 16. f3 b5 17. axb5 axb5 18. cxb5 cxb5 19. Bg5 Qf8 20. b4 Ne6 21. Nxe6 Bxe6 22. Qd2 Rec8 23. Ne2 Bb3 24. Rc1 Nd7 25. Be3 Ne5 26. Bd4 Rc4 27. f4 Nc6 28. Bxg7 Qxg7 29. Rxc4 Bxc4 30. Qxd6 Qb2 31. Qxc6 Bxe2 32. Qc1 Qd4+ 33. Kh2 Bc4 34. Rd1 Qb6 35. e5 Rc8 36. Rd6 Qb8 37. Qd2 Be6 38. h4 Bf5 39. Qd5 h5 40. Rf6 Qa7 41. Rc6 Rxc6 42. Qxc6 Qf2 43. Qxb5 Be4 44. Qf1 Qb2 45. b5 Bxg2 46. Qxg2 Qxb5 47. Qd2 Qf1 48. Qg2 Qe1 49. Qf3 Qd2+ 50. Kh3 Qe1 51. g4 hxg4+ 52. Kxg4 Qg1+ 53. Kh3 Kg7 54. h5 gxh5 55. Qxh5 Qh1+ 56. Kg4 Qg2+ 57. Kh4 Qh2+ 58. Kg5 Qe2 59. Qxe2 1-0


[Site "https://www.chess.com"]

[Event "Titled Tuesday Blitz December 13 Early 2022"]
[White "Lehtosaari, Mauri"]
[Black "Tsatsalashvili, Keti"]
[WhiteFideId "501999"]
[BlackFideId "13603434"]
[WhiteElo "2508"]
[BlackElo "2220"]
[Result "1-0"]
[Round "11"]
[TimeControl "180+1"]
[Date "2022.12.14"]
[WhiteClock "0:00:56"]
[BlackClock "0:01:31"]

1. d4 Nf6 2. Nf3 e6 3. Bg5 c5 4. e3 Qb6 5. Nbd2 Nc6 6. Rb1 d5 7. c3 cxd4 8. exd4 Be7 9. Bd3 O-O 10. O-O a5 11. a4 Qc7 12. Re1 Nd7 13. Bxe7 Nxe7 14. Ne5 Nxe5 15. Rxe5 Ng6 16. Re3 b6 17. Bc2 Re8 18. Nf3 Bd7 19. h4 Qf4 20. h5 Nh4 21. Ne5 Re7 22. g3 Qg5 23. f4 Qf6 24. Ng4 1-0


[Site "https://www.chess.com"]

[Event "Titled Tuesday Blitz December 13 Early 2022"]
[White "Lenderman, Aleksandr"]
[Black "Alexakis, Dimitris"]
[WhiteFideId "2021285"]
[BlackFideId "4277023"]
[WhiteElo "2607"]
[BlackElo "2470"]
[Result "0-1"]
[Round "11"]
[TimeControl "180+1"]
[Date "2022.12.13"]
[WhiteClock "0:01:01"]
[BlackClock "0:00:17"]

1. Nf3 Nf6 2. c4 g6 3. Nc3 Bg7 4. e4 d6 5. d4 O-O 6. Be2 Bg4 7. Be3 Bxf3 8. Bxf3 Nc6 9. d5 Ne5 10. Be2 h5 11. h3 Ned7 12. O-O e5 13. b4 Kh7 14. Qd2 Ng8 15. c5 Qe7 16. Nb5 Ndf6 17. f3 a6 18. Nc3 Bh6 19. Bxh6 Nxh6 20. Qe3 h4 21. Rfc1 Nh5 22. Bf1 f5 23. cxd6 cxd6 24. Na4 fxe4 25. fxe4 Rf7 26. Nb6 Raf8 27. Rc2 Ng3 28. Bd3 g5 29. Rac1 Qf6 30. Rc7 g4 31. Rxf7+ Rxf7 32. Kh2 gxh3 33. gxh3 Qf2+ 34. Qxf2 Rxf2+ 35. Kg1 Rd2 36. Rc7+ Kg6 37. Bc4 Nf7 38. Nd7 Ng5 39. Nf8+ Kh6 40. Bf1 Nf3# 0-1


[Site "https://www.chess.com"]

[Event "Titled Tuesday Blitz December 13 Early 2022"]
[White "Lopez Idarraga, Daniel Eduardo"]
[Black "Estrada Nieto, Julian"]
[WhiteFideId "4405501"]
[BlackFideId "5101018"]
[WhiteElo "2064"]
[BlackElo "2195"]
[Result "0-1"]
[Round "11"]
[TimeControl "180+1"]
[Date "2022.12.14"]
[WhiteClock "0:00:02"]
[BlackClock "0:00:04"]

1. b3 d5 2. Bb2 Nf6 3. Nf3 Bg4 4. g3 Bxf3 5. exf3 g6 6. f4 Bg7 7. Bg2 c6 8. O-O O-O 9. d3 Nbd7 10. Nd2 a5 11. c4 Nc5 12. Qc2 dxc4 13. dxc4 Qd3 14. Qxd3 Nxd3 15. Bc3 Rfd8 16. Rad1 a4 17. Nf3 axb3 18. axb3 Ne4 19. Bxg7 Kxg7 20. Ne5 Ndxf2 21. Rxd8 Rxd8 22. Rxf2 Nxf2 23. Kxf2 Rd2+ 24. Kf1 Rb2 25. Nd3 Rxb3 26. Ke2 Ra3 27. h4 Ra2+ 28. Kf3 b5 29. cxb5 cxb5 30. Bf1 Kf6 31. Ke4 Ra4+ 32. Kd5 Kf5 33. Bh3+ Kf6 34. Nc5 e6+ 35. Kc6 Ra3 36. Kxb5 Ke7 37. Ne4 f5 38. Ng5 Rxg3 39. Bf1 h6 40. Nh3 Rg4 41. Kc5 Rxh4 42. Kd4 Kf6 43. Ke3 g5 44. fxg5+ hxg5 45. Nf2 e5 46. Ba6 Ra4 47. Bc8 Ra3+ 48. Ke2 g4 49. Nxg4+ fxg4 50. Bxg4 Kg5 51. Be6 Kf4 52. Bd5 e4 53. Be6 e3 54. Bd5 Rc3 55. Ke1 Rc2 56. Bb7 Rd2 57. Bc6 Rb2 58. Bd5 Ke5 59. Bc6 Kd4 60. Bd7 e2 61. Kf2 Kc3 62. Ke1 Kd3 63. Bg4 Ke3 64. Bxe2 Rxe2+ 0-1


[Site "https://www.chess.com"]

[Event "Titled Tuesday Blitz December 13 Early 2022"]
[White "Mazurkiewicz, Michal"]
[Black "Sovetbekova, Nurai"]
[WhiteFideId "1124943"]
[BlackFideId "13801910"]
[WhiteElo "2081"]
[BlackElo "1925"]
[Result "1-0"]
[Round "11"]
[TimeControl "180+1"]
[Date "2022.12.14"]
[WhiteClock "0:00:16"]
[BlackClock "0:00:03"]

1. e4 c5 2. Nf3 d6 3. g3 g6 4. Bg2 Bg7 5. O-O Nc6 6. Re1 e5 7. d3 Nf6 8. c3 O-O 9. d4 exd4 10. cxd4 Bg4 11. dxc5 dxc5 12. Be3 Nxe4 13. Qc2 Bf5 14. g4 Bxg4 15. Qxe4 Bxf3 16. Qxf3 Bxb2 17. Nd2 Bxa1 18. Rxa1 Nd4 19. Qxb7 Rb8 20. Qxa7 Nc2 21. Rd1 Nxe3 22. fxe3 Qg5 23. Nf1 Rb2 24. Ng3 Qxe3+ 25. Kh1 Qf2 26. Rg1 Rxa2 27. Qe7 c4 28. Ne4 Qe2 29. Qe5 Qb2 30. Nf6+ Kh8 31. Qe7 Raa8 32. Nd7 Rae8 33. Qc5 Qe2 34. Nxf8 Kg7 35. Nd7 Re7 36. Qd4+ Kh6 37. Nf6 c3 38. Ng4+ Kh5 39. Nf2 c2 40. Qf4 Re5 41. Bf3+ 1-0


[Site "https://www.chess.com"]

[Event "Titled Tuesday Blitz December 13 Early 2022"]
[White "Mendez Fortes, Eduardo Jesus"]
[Black "Koellner, Ruben Gideon"]
[WhiteFideId "3502376"]
[BlackFideId "12993093"]
[WhiteElo "2307"]
[BlackElo "2303"]
[Result "0-1"]
[Round "11"]
[TimeControl "180+1"]
[Date "2022.12.14"]
[WhiteClock "0:00:17"]
[BlackClock "0:00:06"]

1. e4 d6 2. d4 Nf6 3. Nc3 e5 4. Nf3 Nbd7 5. Bc4 Be7 6. O-O c6 7. a4 h6 8. Re1 Qc7 9. Ba2 Nf8 10. d5 Ng6 11. a5 O-O 12. Nd2 c5 13. Nc4 Bd7 14. Bb3 b5 15. axb6 axb6 16. Rxa8 Rxa8 17. Na3 Ra5 18. Qd3 Nf4 19. Bxf4 exf4 20. e5 dxe5 21. Nc4 Bd6 22. Nxa5 bxa5 23. Bc4 Qb7 24. b3 Qb4 25. Ra1 a4 26. Nxa4 e4 27. Qc3 Qb8 28. Re1 Be5 29. Qa5 Bxa4 30. Qxa4 f3 31. g3 Bd4 32. Qb5 Qe5 33. Bd3 Bxf2+ 34. Kxf2 Ng4+ 35. Kg1 Qd4+ 36. Kh1 Nf2+ 37. Kg1 Nh3+ 38. Kh1 Qg1+ 39. Rxg1 Nf2# 0-1


[Site "https://www.chess.com"]

[Event "Titled Tuesday Blitz December 13 Early 2022"]
[White "Mesa Cruz, Juan Carlos"]
[Black "Levine, David"]
[WhiteFideId "6423400"]
[BlackFideId "2011611"]
[WhiteElo "2059"]
[BlackElo "2139"]
[Result "0-1"]
[Round "11"]
[TimeControl "180+1"]
[Date "2022.12.14"]
[WhiteClock "0:00:39"]
[BlackClock "0:01:30"]

1. e4 e5 2. Nf3 Nc6 3. Bc4 Nf6 4. Ng5 d5 5. exd5 Na5 6. Bb5+ c6 7. dxc6 bxc6 8. Bd3 Nd5 9. Nf3 Bd6 10. O-O O-O 11. Re1 Bg4 12. Nc3 f5 13. Be2 Nf4 14. d3 Nxe2+ 15. Qxe2 Qc7 0-1


[Site "https://www.chess.com"]

[Event "Titled Tuesday Blitz December 13 Early 2022"]
[White "Mkrtchian, Lilit"]
[Black "Sadubayev, Airat"]
[WhiteFideId "13300601"]
[BlackFideId "13713264"]
[WhiteElo "2316"]
[BlackElo "2160"]
[Result "0-1"]
[Round "11"]
[TimeControl "180+1"]
[Date "2022.12.14"]
[WhiteClock "0:00:06"]
[BlackClock "0:01:15"]

1. Nf3 d5 2. d4 Nf6 3. e3 c6 4. c4 e6 5. b3 Bb4+ 6. Nbd2 Ne4 7. Qc2 f5 8. a3 Bd6 9. Bb2 O-O 10. Be2 Nd7 11. Ne5 Nxd2 12. Qxd2 Nxe5 13. dxe5 Be7 14. O-O b6 15. b4 Bb7 16. Bf3 dxc4 17. Qxd8 Rfxd8 18. b5 Rac8 19. Rac1 Ba8 20. bxc6 b5 21. a4 a6 22. axb5 axb5 23. Bd4 Bxc6 24. Bxc6 Rxc6 25. Ra1 Rb8 26. Ra7 Bf8 27. Rd1 c3 0-1


[Site "https://www.chess.com"]

[Event "Titled Tuesday Blitz December 13 Early 2022"]
[White "Moiseenko, Alexander"]
[Black "Nakamura, Hikaru"]
[WhiteFideId "14102560"]
[BlackFideId "2016192"]
[WhiteElo "2577"]
[BlackElo "2909"]
[Result "0-1"]
[Round "11"]
[TimeControl "180+1"]
[Date "2022.12.13"]
[WhiteClock "0:00:05"]
[BlackClock "0:00:11"]

1. d4 Nf6 2. c4 c5 3. d5 b5 4. cxb5 a6 5. bxa6 Bxa6 6. Nc3 d6 7. e4 Bxf1 8. Kxf1 g6 9. g3 Bg7 10. Kg2 O-O 11. Nf3 Nfd7 12. Re1 Na6 13. Qe2 Qc7 14. Bg5 Rfe8 15. Nb5 Qb7 16. a4 Nc7 17. Nxc7 Qxc7 18. Ra3 e6 19. dxe6 Rxe6 20. Bf4 Rb8 21. b3 Qc6 22. a5 Rbe8 23. Qd3 f5 24. Ng5 fxe4 25. Qd1 Rf6 26. a6 d5 27. a7 h6 28. Nxe4 dxe4 29. a8=Q Rxa8 30. Rxa8+ Qxa8 31. Qxd7 e3+ 32. f3 Qa2+ 33. Kh3 g5 34. Qd5+ Kh7 35. Qd3+ Kh8 36. Be5 Rxf3 37. Qd8+ Kh7 38. Qd3+ Kh8 39. Qd8+ Kh7 40. Qd3+ Kg8 41. Qd8+ Bf8 42. Qd5+ Rf7 43. Rf1 Qa7 44. Qe6 Qd7 45. Qxd7 Rxd7 46. Re1 Rd3 47. Kg4 Rxb3 48. Kf3 c4 49. Bd4 Bg7 50. Bxe3 Kf7 51. Ke4 Kg6 52. Rc1 c3 53. Rc2 Rb2 54. Kd3 Rxc2 55. Kxc2 g4 56. Bb6 Kf5 57. Ba5 Ke4 58. Bxc3 Bxc3 59. Kxc3 Kf3 60. Kd4 Kg2 61. Ke3 Kxh2 62. Kf4 h5 63. Kg5 Kxg3 64. Kxh5 Kh3 0-1


[Site "https://www.chess.com"]

[Event "Titled Tuesday Blitz December 13 Early 2022"]
[White "Moroni, Luca Jr"]
[Black "Mogirzan, Matei-Valeriu"]
[WhiteFideId "865834"]
[BlackFideId "1257455"]
[WhiteElo "2573"]
[BlackElo "1733"]
[Result "1-0"]
[Round "11"]
[TimeControl "180+1"]
[Date "2022.12.13"]
[WhiteClock "0:00:54"]
[BlackClock "0:00:02"]

1. d4 Nf6 2. Bf4 e6 3. e3 b6 4. Nf3 Bb7 5. Nbd2 d5 6. h3 c5 7. c3 Nc6 8. a4 a6 9. Bd3 Bd6 10. Bg5 e5 11. dxc5 bxc5 12. e4 Ne7 13. Bxf6 gxf6 14. O-O f5 15. exd5 e4 16. Bxe4 fxe4 17. Nxe4 Ng6 18. Re1 Kf8 19. c4 Rg8 20. Nfg5 Nf4 21. Qg4 Rg7 22. Qh4 Kg8 23. Qh6 Bf8 24. Nf6+ Kh8 25. Re4 Rxg5 26. Qxh7# 1-0


[Site "https://www.chess.com"]

[Event "Titled Tuesday Blitz December 13 Early 2022"]
[White "Muminova, Nafisa"]
[Black "De Souza, Cristiano Gomes"]
[WhiteFideId "14201526"]
[BlackFideId "2151758"]
[WhiteElo "2258"]
[BlackElo "2068"]
[Result "1/2-1/2"]
[Round "11"]
[TimeControl "180+1"]
[Date "2022.12.14"]
[WhiteClock "0:00:19"]
[BlackClock "0:00:55"]

1. e4 c5 2. Nf3 d6 3. d4 cxd4 4. Nxd4 Nf6 5. Nc3 a6 6. h3 e5 7. Nde2 Nc6 8. g4 Be6 9. g5 Nd7 10. Bg2 b5 11. a3 Rc8 12. O-O Be7 13. h4 O-O 14. f4 exf4 15. Nxf4 Nce5 16. Ncd5 Bxd5 17. Nxd5 Nb6 18. c3 Nxd5 19. Qxd5 Rc5 20. Qd1 Nc4 21. Rf2 Qd7 22. Bf4 Ne5 23. Qe2 Qe6 24. Rd1 Rfc8 25. Qf1 R8c7 26. Bh3 Qc4 27. Qg2 Nd3 28. Rff1 Nxf4 29. Rxf4 Re5 30. Rdf1 Bf8 31. Qf3 Rce7 32. Bg2 Qe6 33. Rf5 Rxf5 34. exf5 Qe3+ 35. Qxe3 Rxe3 36. Kf2 Rd3 37. Ke2 Rg3 38. Bf3 Rh3 39. Rh1 Rxh1 40. Bxh1 Be7 41. Bd5 Kf8 42. Kf3 h6 43. Kg4 hxg5 44. hxg5 Bd8 45. b4 a5 46. Bc6 axb4 47. axb4 Bb6 48. Bxb5 Be3 49. Bc4 Bd2 50. b5 Bxc3 51. Bd5 Bd4 52. g6 fxg6 53. fxg6 Ke7 54. Kf5 Bb6 55. Bc6 Bc5 56. Bd5 Bb6 57. Bc6 Bc5 58. Bd5 Bb6 1/2-1/2


[Site "https://www.chess.com"]

[Event "Titled Tuesday Blitz December 13 Early 2022"]
[White "Navara, David"]
[Black "Avinash, Ramesh"]
[WhiteFideId "309095"]
[BlackFideId "45018340"]
[WhiteElo "2676"]
[BlackElo "2264"]
[Result "1-0"]
[Round "11"]
[TimeControl "180+1"]
[Date "2022.12.13"]
[WhiteClock "0:00:12"]
[BlackClock "0:00:04"]

1. d4 Nf6 2. c4 g6 3. Nc3 d5 4. cxd5 Nxd5 5. e4 Nxc3 6. bxc3 Bg7 7. Be3 c5 8. Qd2 Qa5 9. Rc1 cxd4 10. cxd4 Qxd2+ 11. Bxd2 O-O 12. Nf3 e6 13. h4 b6 14. h5 Bb7 15. h6 Bh8 16. Bb4 Rd8 17. Bb5 a6 18. Be7 Rc8 19. Rxc8+ Bxc8 20. Ba4 b5 21. Bb3 Nc6 22. Bc5 Bb7 23. Ke2 Na5 24. Bc2 Nc4 25. Rd1 Rd8 26. e5 Nb2 27. Rb1 Nc4 28. a4 Bc6 29. axb5 axb5 30. Bd3 f6 31. Be7 Ra8 32. exf6 Ra2+ 33. Ke1 Rb2 34. Ra1 Rb3 35. Ng5 Bxf6 36. Bxf6 Rxd3 37. Ra7 Ra3 38. Rg7+ Kf8 39. Nxe6+ Ke8 40. Re7# 1-0


[Site "https://www.chess.com"]

[Event "Titled Tuesday Blitz December 13 Early 2022"]
[White "Odegov, Artem"]
[Black "Shipov, Sergei"]
[WhiteFideId "34183644"]
[BlackFideId "4113624"]
[WhiteElo "2300"]
[BlackElo "2762"]
[Result "1-0"]
[Round "11"]
[TimeControl "180+1"]
[Date "2022.12.13"]
[WhiteClock "0:00:50"]
[BlackClock "0:00:03"]

1. d4 d5 2. c4 dxc4 3. Nc3 a6 4. a4 Nc6 5. Nf3 Nf6 6. e4 Bg4 7. Be3 Bxf3 8. gxf3 e5 9. d5 Na5 10. Be2 Bd6 11. Rc1 O-O 12. O-O Qd7 13. Kh1 Nh5 14. Rg1 g6 15. Bg5 b5 16. f4 Nxf4 17. Bg4 Qe8 18. Bh6 Nb3 19. Rc2 Nd4 20. Rd2 Bc5 21. Bxf4 exf4 22. Rxd4 Qe5 23. Ne2 Kh8 24. Bd7 f3 25. Rd2 fxe2 26. Qxe2 Rad8 27. Bc6 Rb8 28. axb5 axb5 29. Rf1 Qf4 30. e5 b4 31. Rc2 1-0


[Site "https://www.chess.com"]

[Event "Titled Tuesday Blitz December 13 Early 2022"]
[White "Omelja, Artem"]
[Black "Bochnicka, Vladimir"]
[WhiteFideId "14119846"]
[BlackFideId "14943450"]
[WhiteElo "2404"]
[BlackElo "2239"]
[Result "0-1"]
[Round "11"]
[TimeControl "180+1"]
[Date "2022.12.14"]
[WhiteClock "0:01:21"]
[BlackClock "0:00:57"]

1. g4 d6 2. g5 Nc6 3. Bg2 e5 4. h4 Be7 5. d3 Be6 6. e4 h6 7. Nf3 Bg4 8. Qd2 Qd7 9. g6 fxg6 10. c3 Nf6 11. b4 O-O 12. Na3 Nh5 13. Nh2 Bxh4 14. Rf1 Nf4 15. Bh1 Bh3 16. Nf3 Bxf1 17. Nxh4 Qh3 18. Bb2 Nxd3+ 19. Kd1 Qxh1 20. Kc2 Rxf2 0-1


[Site "https://www.chess.com"]

[Event "Titled Tuesday Blitz December 13 Early 2022"]
[White "Osinovsky, Stepan"]
[Black "Matveeva, Olga"]
[WhiteFideId "4157354"]
[BlackFideId "24107018"]
[WhiteElo "2222"]
[BlackElo "2056"]
[Result "1-0"]
[Round "11"]
[TimeControl "180+1"]
[Date "2022.12.14"]
[WhiteClock "0:00:18"]
[BlackClock "0:00:41"]

1. Nf3 Nf6 2. g3 e6 3. Bg2 d5 4. O-O Be7 5. d3 O-O 6. Nbd2 b6 7. e4 Bb7 8. e5 Nfd7 9. Re1 c5 10. h4 Nc6 11. h5 b5 12. h6 g6 13. Nf1 Qc7 14. Qe2 Rfc8 15. c3 a5 16. N1h2 b4 17. Ng4 Qd8 18. Bf4 a4 19. a3 bxc3 20. bxc3 Ba6 21. Rab1 Rab8 22. Rxb8 Rxb8 23. Nf6+ Bxf6 24. exf6 Rb3 25. Ng5 Nf8 26. c4 Nd4 27. Qe5 dxc4 28. dxc4 Bxc4 29. Qxc5 Ne2+ 30. Rxe2 Bxe2 31. Qe7 Qxe7 32. fxe7 Bb5 33. exf8=Q+ Kxf8 34. Nxh7+ Ke7 35. Bg5+ Kd6 36. Nf8 f6 37. h7 1-0


[Site "https://www.chess.com"]

[Event "Titled Tuesday Blitz December 13 Early 2022"]
[White "Osmak, Yuliia"]
[Black "Timofeev, Artyom"]
[WhiteFideId "14101602"]
[BlackFideId "4140419"]
[WhiteElo "2328"]
[BlackElo "2586"]
[Result "0-1"]
[Round "11"]
[TimeControl "180+1"]
[Date "2022.12.13"]
[WhiteClock "0:00:01"]
[BlackClock "0:00:15"]

1. e4 c5 2. Nf3 Nc6 3. Bb5 d6 4. O-O Bd7 5. c3 a6 6. Ba4 Nf6 7. Re1 b5 8. Bc2 e5 9. d4 cxd4 10. cxd4 Bg4 11. dxe5 dxe5 12. Qxd8+ Rxd8 13. Bg5 Bxf3 14. gxf3 Nd4 15. Bd1 Be7 16. Nc3 Nh5 17. Be3 Bb4 18. a3 Bxc3 19. bxc3 Ne6 20. a4 O-O 21. axb5 axb5 22. Be2 Rc8 23. Rec1 Nc5 24. Rab1 Na4 25. Bxb5 Nxc3 26. Rb3 Nxb5 27. Rxb5 Rxc1+ 28. Bxc1 f6 29. Be3 Kf7 30. Rb7+ Kg6 31. Kg2 Ra8 32. Rc7 Ra2 33. Rb7 Rc2 34. Ra7 Rc6 35. Rb7 Rc8 36. Ra7 Rf8 37. Rb7 Rf7 38. Rxf7 Kxf7 39. Kh3 g6 40. Kg4 Ng7 41. f4 h5+ 42. Kf3 exf4 43. Bxf4 Ne6 44. Be3 f5 45. exf5 gxf5 46. Kg3 Kg6 47. Bd2 Kf6 48. Bc3+ Kg6 49. Bd2 Nd4 50. Be3 Nc6 51. Bf4 Nb4 52. Be3 Nd5 53. Bc1 Nf6 54. Be3 Ne4+ 55. Kf3 Nd6 56. Kg3 Nc4 57. Kf3 Kf6 58. Kg3 Kg6 59. Bf4 Nb2 60. Kf3 Nd3 61. Kg3 Nb4 62. Kf3 Nd5 63. Kg3 h4+ 64. Kf3 Kh5 65. Bd2 Nf6 66. h3 Ne4 67. Be3 Kg6 68. Kf4 Ng5 69. Bd4 Nxh3+ 70. Kf3 Ng5+ 71. Kg2 Kh5 72. Be3 Kg4 73. Kh2 Nf3+ 74. Kg2 h3+ 75. Kh1 f4 76. Bxf4 Nd4 77. Be3 Nf5 78. Kh2 Nh4 79. Kh1 Ng2 80. Kh2 Ne1 81. Kh1 Nf3 0-1


[Site "https://www.chess.com"]

[Event "Titled Tuesday Blitz December 13 Early 2022"]
[White "Ovchinnikov, Vsevolod"]
[Black "Chernov, Mikhail"]
[WhiteFideId "24176842"]
[BlackFideId "24143170"]
[WhiteElo "2376"]
[BlackElo "2113"]
[Result "1-0"]
[Round "11"]
[TimeControl "180+1"]
[Date "2022.12.14"]
[WhiteClock "0:00:08"]
[BlackClock "0:00:02"]

1. d4 d5 2. c4 Nc6 3. Nf3 Bg4 4. Nc3 e6 5. e3 Bb4 6. h3 Bh5 7. Bd2 Nf6 8. Rc1 O-O 9. a3 Bxc3 10. Bxc3 Ne4 11. Be2 Ne7 12. Bb4 Re8 13. Bxe7 Qxe7 14. Ne5 Bxe2 15. Qxe2 c6 16. O-O a5 17. Rfd1 a4 18. Nd3 Nd6 19. cxd5 exd5 20. Qg4 Nc4 21. Rc2 Rad8 22. Nc5 b6 23. Nxa4 Rd6 24. Nc3 Rg6 25. Qf3 Rf6 26. Qg3 Rg6 27. Qf4 Rf6 28. Qh4 Nxe3 29. fxe3 Rf1+ 30. Rxf1 Qxh4 31. Re2 Qg5 32. Rf3 h5 33. Kf2 h4 34. Rc2 c5 35. Ne2 Qg6 36. Rd2 c4 37. Nc3 Qg5 38. Re2 Re6 39. e4 dxe4 40. Nxe4 Qg6 41. Rfe3 Qf5+ 42. Kg1 Rg6 43. Nc3 Qg5 44. d5 Rd6 45. Rf3 Qc1+ 46. Kh2 1-0


[Site "https://www.chess.com"]

[Event "Titled Tuesday Blitz December 13 Early 2022"]
[White "Pakleza, Zbigniew"]
[Black "Shuvalov, Evgenij"]
[WhiteFideId "1119290"]
[BlackFideId "4187237"]
[WhiteElo "2410"]
[BlackElo "2049"]
[Result "0-1"]
[Round "11"]
[TimeControl "180+1"]
[Date "2022.12.14"]
[WhiteClock "0:00:01"]
[BlackClock "0:00:18"]

1. Nh3 e5 2. Na3 d5 3. Ng1 Nf6 4. Nb1 Nc6 5. d3 Bc5 6. e3 O-O 7. c3 a5 8. g3 Qe7 9. Bg2 Rd8 10. Ne2 Bf5 11. h3 Qe6 12. g4 Bg6 13. d4 Bd6 14. dxe5 Nxe5 15. Nf4 Qe7 16. Nd2 Bd3 17. Nxd3 Nxd3+ 18. Kf1 Ne4 19. Nxe4 dxe4 20. Qa4 Qh4 21. Qc2 f5 22. Qe2 Rf8 23. f4 exf3 24. Qxd3 fxg4 25. Qd5+ Kh8 26. Kg1 Qe1+ 0-1


[Site "https://www.chess.com"]

[Event "Titled Tuesday Blitz December 13 Early 2022"]
[White "Paravyan, David"]
[Black "Tan, Zhongyi"]
[WhiteFideId "4194985"]
[BlackFideId "8603642"]
[WhiteElo "2551"]
[BlackElo "2510"]
[Result "1-0"]
[Round "11"]
[TimeControl "180+1"]
[Date "2022.12.13"]
[WhiteClock "0:01:28"]
[BlackClock "0:00:06"]

1. e4 c5 2. Nf3 Nc6 3. Nc3 g6 4. d4 cxd4 5. Nxd4 Bg7 6. Be3 Nf6 7. Bc4 O-O 8. Bb3 d5 9. exd5 Nb4 10. Nde2 Qa5 11. Qd2 Rd8 12. O-O-O e6 13. Nf4 Ng4 14. Kb1 Nxe3 15. Qxe3 exd5 16. Ncxd5 Nxd5 17. Nxd5 Bd7 18. Qg5 b6 19. h4 Qc5 20. h5 a5 21. hxg6 hxg6 22. Nf6+ Bxf6 23. Qxg6+ Bg7 24. Qxf7# 1-0


[Site "https://www.chess.com"]

[Event "Titled Tuesday Blitz December 13 Early 2022"]
[White "Postnikov, Artem"]
[Black "Forgacs, Attila Jr."]
[WhiteFideId "34153575"]
[BlackFideId "773654"]
[WhiteElo "2243"]
[BlackElo "2168"]
[Result "1-0"]
[Round "11"]
[TimeControl "180+1"]
[Date "2022.12.14"]
[WhiteClock "0:00:49"]
[BlackClock "0:00:24"]

1. d4 Nf6 2. c4 g6 3. Nc3 Bg7 4. e4 d6 5. Be2 O-O 6. Bg5 h6 7. Be3 c6 8. Qd2 Kh7 9. h4 e5 10. d5 cxd5 11. cxd5 h5 12. Nf3 Bg4 13. Ng5+ Kg8 14. f3 Bd7 15. O-O Nh7 16. Rfc1 f5 17. Nxh7 Kxh7 18. Bg5 Bf6 19. Bxf6 Qxf6 20. Qg5 Qxg5 21. hxg5 a6 22. Nd1 fxe4 23. fxe4 Rf4 24. Nf2 b5 25. Rc7 Rf7 26. Rac1 Kg7 27. Rb7 a5 28. Rcc7 Be8 29. Bxb5 Rxc7 30. Rxc7+ Kf8 31. Rc8 1-0


[Site "https://www.chess.com"]